 Dungeon Crawl Stone Soup version 0.25.1-2-g60ff931df9 (webtiles) character file.

Game seed: 15555778483635132291

201 Froggeryz the Cudgeler (level 5, -1/32 HPs)
             Began as a Gargoyle Fighter on Sept 14, 2020.
             Slain by Natasha (6 damage)
             ... on level 3 of the Dungeon.
             The game lasted 00:02:54 (1975 turns).

Froggeryz the Cudgeler (Gargoyle Fighter)           Turns: 1975, Time: 00:02:55

Health: -1/32      AC: 12    Str: 20    XL:     5   Next: 79%
Magic:  5/5        EV:  7    Int:  9    God:
Gold:   83         SH:  9    Dex:  9    Spells: 4/4 levels left

rFire    . . .     SeeInvis .   a - +0 flail
rCold    . . .     Gourm    .   c - +0 kite shield
rNeg     + . .     Faith    .   b - +0 scale mail
rPois    ∞         Spirit   .   m - +0 helmet
rElec    +         Reflect  .   (no cloak)
rCorr    .         Harm     .   (no gloves)
MR       .....                  (no boots)
Stlth    ..........             (no amulet)
HPRegen  0.10/turn              (no ring)
MPRegen  0.09/turn              (no ring)

@: slowed, very slow
A: negative energy resistance 1, electricity resistance, unbreathing,
petrification resistance, rot immunity, AC +4
a: no special abilities


You were on level 3 of the Dungeon.
You were not hungry.

You visited 1 branch of the dungeon, and saw 3 of its levels.

You collected 83 gold pieces.

Inventory:

Hand Weapons
 a - a +0 flail (weapon)
Missiles
 u - 10 poisoned darts (quivered)
Armour
 b - a +0 scale mail (worn)
 c - a +0 kite shield (worn)
 m - a +0 helmet (worn)
Jewellery
 j - an uncursed ring of fire
Scrolls
 e - 7 scrolls of identify {unknown}
 g - a scroll of amnesia {unknown}
 h - a scroll of teleportation {unknown}
 k - a scroll of enchant weapon {unknown}
 n - 2 scrolls of remove curse {unknown}
 p - a scroll of noise {unknown}
 s - a scroll of enchant armour {unknown}
Potions
 d - a potion of might
 i - 5 potions of curing {unknown}
 l - a potion of cancellation {unknown}
 o - a potion of lignification {unknown}
 r - 2 potions of berserk rage {unknown}
 t - a potion of resistance {unknown}
 v - 2 potions of heal wounds {unknown}
 w - a potion of haste {unknown}
Comestibles
 f - 5 rations
 q - 2 chunks of flesh


   Skills:
 - Level 3.2 Fighting
 * Level 4.9 Maces & Flails
 + Level 2.5 Throwing
 - Level 3.2 Armour
 - Level 3.2 Shields


You had 4 spell levels left.
You didn't know any spells.
Your spell library was empty.

Dungeon Overview and Level Annotations

Branches:
Dungeon (3/15)

Altars:

Annotations:
D:3 Natasha


Innate Abilities, Weirdness & Mutations

You are resistant to torment.
Your stone body is resilient. (AC +4)
You are immune to poison.
You resist negative energy. (rN+)
You are resistant to electric shocks. (rElec)
You can survive without breathing.
You are immune to petrification.
You are immune to rotting.


Message History

* * * LOW HITPOINT WARNING * * *
The crimson imp hits you but does no damage.
The shadow imp hits you but does no damage.
Natasha closely misses you.
You barely miss Natasha.
Natasha is heavily wounded.
The shadow imp disappears in a puff of smoke!
The crimson imp barely misses you. Natasha casts a spell at you.
The magic dart hits you.
* * * LOW HITPOINT WARNING * * *
The crimson imp hits you but does no damage.
You closely miss Natasha.
Natasha is heavily wounded.
Natasha wildly gestures.
Natasha glows brightly for a moment.
Natasha claws you but does no damage.
The crimson imp hits you but does no damage.
Natasha claws you.
You die...

.# #.#......<........... .#
#.#.........#.##.#.## .#
#.#..#.#.>..#.##.#.## .#
#.#..#.#....#.##.#.## .#
#.................... .#
#.#..#.#...##.##.#### .#
####................####
......5.................
.....#.@#.#...##.#######
.....#.h#.#...##.# ## # .#.
..?..#..#.#...##.###.### ...
........................
#.##########.#....#...........##
.#.#.............................
.#...............................
...........................(.....
.#.............................(.


You could see Natasha and a crimson imp (summoned).

Vanquished Creatures
  A hound (D:3)
  A bullfrog skeleton (D:3)
  Jessica (D:2)
  Natasha (D:3)
  6 adders
  An ooze (D:2)
  A dart slug (D:2)
  A worm (D:2)
  A giant cockroach (D:2)
  2 hobgoblins (D:2)
  2 quokkas
  3 ball pythons
  4 bats
  A frilled lizard (D:1)
  5 goblins
  5 kobolds
  8 rats
44 creatures vanquished.

Notes
Turn   | Place    | Note
-------+----------+-------------------------------------------
     0 | D:1      | Froggeryz the Gargoyle Fighter began the quest for the Orb.
     0 | D:1      | Reached XP level 1. HP: 14/14 MP: 1/1
   531 | D:1      | Reached XP level 2. HP: 15/19 MP: 2/2
   860 | D:2      | Reached skill level 3 in Maces & Flails
   860 | D:2      | Reached skill level 1 in Throwing
   860 | D:2      | Reached XP level 3. HP: 18/23 MP: 3/3
  1153 | D:2      | Reached XP level 4. HP: 20/28 MP: 4/4
  1372 | D:2      | Noticed Jessica
  1378 | D:2      | Killed Jessica
  1435 | D:2      | Reached skill level 4 in Maces & Flails
  1771 | D:3      | Reached XP level 5. HP: 29/32 MP: 5/5
  1826 | D:3      | Noticed Natasha
  1833 | D:3      | Killed Natasha
  1958 | D:3      | Noticed Natasha
  1975 | D:3      | Slain by Natasha

Illustrated notes

Levels and vault maps discovered:
D:1:      minmay_arrival_shattered_statue, layout_basic
D:2:      layout_basic, serial_glass, glass_columns_b, glass_columns_c,
          st_stairs_6, uniq_jessica
D:3:      layout_basic, uniq_natasha

Skill      XL: |  1  2  3  4 |
---------------+-------------+-----
Maces & Flails | 3 4 |  4.9
Throwing       | 1 2 |  2.5
Fighting       | |  3.2
Armour         | |  3.2
Shields        | |  3.2

Action                   |  1- 3 |  4- 6 || total
-------------------------+-------+-------++-------
Melee: Flail             |   134 |    74 ||   208
  Eat: Chunk             |     1 |     3 ||     4
Armor: Scale mail        |    73 |    60 ||   133
Dodge: Dodged            |    43 |    36 ||    79
Block: Kite shield       |    64 |    48 ||   112
